 Dungeon Crawl Stone Soup version 0.29.0-4-gdea44cf6ec (webtiles) character file.

Game seed: 16492468372638954185

10873 qw the Brawler (level 11, -1/107 HPs)
             Began as a Troll Cinder Acolyte on Sept 3, 2022.
             Was an Elder of Ignis.
             Killed from afar by an electric eel (8 damage)
             ... with a bolt of electricity
             ... on level 1 of the Lair of Beasts.
             The game lasted 00:05:22 (8799 turns).

qw the Brawler (Troll Cinder Acolyte)               Turns: 8799, Time: 00:05:22

Health: -1/107     AC: 13    Str: 28    XL:     11   Next: 41%
Magic:  11/11      EV: 10    Int: 10    God:    Ignis [****..]
Gold:   316        SH:  5    Dex:  5    Spells: 12/12 levels left

rFire   + . .      SeeInvis .     - Unarmed
rCold   . . .      Faith    .   (no shield)
rNeg    . . .      Spirit   .   a - +0 robe
rPois   +          Reflect  +   j - +1 hat
rElec   .          Harm     .   k - +0 cloak
rCorr   +          Rampage  .   (gloves unavailable)
Will    .....                   (boots unavailable)
Stlth   +.........              t - amulet of reflection
HPRegen 1.07/turn               n - ring of poison resistance
MPRegen 0.12/turn               m - ring of resist corrosion

@: fiery-armoured
A: large, unfitting armour, claws 3, regeneration 1, shaggy fur 1, tough skin 1
a: Renounce Religion, Fiery Armour, Foxfire Swarm, Rising Flame


You were on level 1 of the Lair of Beasts.
You worshipped Ignis.
Ignis was greatly pleased with you.
You visited 2 branches of the dungeon, and saw 10 of its levels.
You also visited: Sewer.

You collected 690 gold pieces.
You spent 374 gold pieces at shops.


Innate Abilities, Weirdness & Mutations

You are too large for most types of armour.
You have claws for hands.
Your natural rate of healing is unusually fast.
You are covered in fur. (AC +1)
You have tough skin. (AC +1)


   Skills:
 + Level 6.4 Fighting
 - Level 4.2 Throwing
 - Level 1.1 Armour
 - Level 3.8 Dodging
 - Level 16.0 Unarmed Combat
 - Level 1.0 Spellcasting
 - Level 2.1 Fire Magic


You had 12 spell levels left.
You didn't know any spells.
Your spell library contained the following spells:

 Spells                   Type           Power      Damage    Failure   Level
 Scorch                   Fire           8%         2d5       22%         2

Inventory:

Missiles
 r - 6 javelins (quivered)
Armour
 a - a +0 robe (worn)
 j - a +1 hat (worn)
 k - a +0 cloak (worn)
Jewellery
 e - a ring of fire
 m - a ring of resist corrosion (right claw)
 n - a ring of poison resistance (left claw)
 t - an amulet of reflection (around neck)
Scrolls
 l - 2 scrolls of identify
 s - 2 scrolls of brand weapon
Potions
 b - a potion of resistance
 c - 6 potions of curing
 d - 5 potions of might
 g - a potion of haste
 h - a potion of mutation
 i - a potion of cancellation
 p - a potion of ambrosia {unknown}

Dungeon Overview and Level Annotations

Branches:
Dungeon (9/15)             Temple (0/1) D:7            Lair (1/5) D:8
  Sewer (visited)
    Orc: D:9-12

Altars:
Cheibriados
Elyvilon
Fedhas
Gozag
Makhleb
Qazlal
Trog
Vehumet
Yredelemnul
The Shining One

Shops:
D:1 [   D:2 *(((?   D:4 *   D:5 *   D:8 *=*

Annotations:
D:7 1 runed translucent door, Crazy Yiuf


Message History

The wyvern bites you!
You scratch the wyvern. Your claw misses the wyvern.
The wyvern is lightly wounded.
The wyvern bites you but does no damage.
The wyvern is burned by your cloak of flames.
The wyvern is moderately wounded.
The electric eel shoots out a bolt of lightning at you!
The bolt of electricity hits you.
The electric eel shoots out a bolt of lightning at you!
The bolt of electricity hits the electric eel.
The electric eel completely resists.
The bolt of electricity hits you!
8794 ||| READING scroll of teleportation.
As you read the scroll of teleportation, it crumbles to dust.
You feel strangely unstable.
The wyvern bites you but does no damage.
The wyvern is burned by your cloak of flames.
The wyvern is heavily wounded.
The electric eel shoots out a bolt of lightning at you!
The bolt of electricity hits you!
8795 ||| DRINKING potion of heal wounds.
You feel much better. The wyvern closely misses you. The wyvern bites you!
The wyvern is burned by your cloak of flames.
The wyvern is severely wounded.
The electric eel shoots out a bolt of lightning at you!
The bolt of electricity hits you!
The electric eel shoots out a bolt of lightning at you!
The bolt of electricity hits the electric eel.
The electric eel completely resists.
The bolt of electricity hits you.
You mangle the wyvern!!
You kill the wyvern!
You claw the electric eel!
The electric eel is heavily wounded.
You claw the electric eel!
You kill the electric eel!
You hear a splash.
Your surroundings seem slightly different.
The electric eel shoots out a bolt of lightning at you!
The bolt of electricity hits you!
You die...

...#.P.# # .... ....
....7.7..#. ...#..#.
..~.~.~...## ##....#..#
.~~.~..~7..# #.###..#..
.~~.~..~~$P####.......#.
~.~~..~..~..#.+.........
~~.~.~........#.........
.~~~...%ยค~..##..........
~...~S~@....##P.......##
..~.~.~~~~..###.......##
.~..~~.~~....##.......#
~..~.~~...#########+###
~..~.~~...# 7~.~)~....#
#7.....#### #.....


You could see an electric eel.

Vanquished Creatures
  A two-headed ogre (D:6)
  Pikel (D:5)
  A black mamba (Lair:1)
  A gargoyle (D:8)
  A komodo dragon (Lair:1)
  A troll (D:9)
  Sigmund (D:6)
  A wyvern (Lair:1)
  9 yaks
  2 steam dragons (D:8)
  2 water moccasins (Lair:1)
  2 orc warriors
  A sky beast (D:6)
  4 ice beasts
  5 centaurs
  3 lemures (D:5)
  2 phantoms
  2 kobold brigands
  4 bullfrogs
  2 scorpions
  15 wights
  11 killer bees
  3 electric eels
  A howler monkey (D:5)
  5 hounds
  4 jellies
  An orc priest (D:9)
  3 gnoll boudas
  2 iguanas
  4 orc wizards
  13 gnolls
  15 adders
  A river rat (Sewer)
  2 white imps
  2 ufetubi
  3 worms
  5 dart slugs
  20 orcs
  6 ball pythons
  6 endoplasms
  16 giant cockroaches
  13 goblins
  4 hobgoblins
  3 jackals (D:5)
  3 quokkas
  A bat (D:3)
  6 frilled lizards
  16 kobolds
  4 rats
234 creatures vanquished.

Vanquished Creatures (others)
  9 fungi
  6 plants (D:8)
15 creatures vanquished.

Grand Total: 249 creatures vanquished

Notes
Turn   | Place    | Note
-------+----------+-------------------------------------------
     0 | D:1      | qw the Troll Cinder Acolyte began the quest for the Orb.
     0 | D:1      | Reached XP level 1. HP: 22/22 MP: 1/1
     0 | D:1      | 0 ||| qw: Version: 0.1-a-102-g441f92d
     0 | D:1      | 0 ||| qw: Game counter: 5215
     0 | D:1      | 0 ||| qw: Always use a shield: true
     0 | D:1      | 0 ||| qw: God list: Okawaru
     0 | D:1      | 0 ||| qw: Allow faded altars: false
     0 | D:1      | 0 ||| qw: Do Orc after D:15 true
     0 | D:1      | 0 ||| qw: Do second Lair branch before Depths: true
     0 | D:1      | 0 ||| qw: Lair rune preference: random
     0 | D:1      | 0 ||| qw: Plans: Normal
     0 | D:1      | 0 ||| PLANNING D:1-11
    29 | D:1      | 29 ||| Stepping ~*~*~tactically~*~*~ (stealth).
    41 | D:1      | 41 ||| Stepping ~*~*~tactically~*~*~ (hiding).
   437 | D:1      | Reached XP level 2. HP: 29/29 MP: 2/2
   503 | D:1      | 503 ||| Stepping ~*~*~tactically~*~*~ (hiding).
   631 | D:1      | 631 ||| Stepping ~*~*~tactically~*~*~ (outnumbered).
   632 | D:1      | 632 ||| Stepping ~*~*~tactically~*~*~ (outnumbered).
   633 | D:1      | 633 ||| Stepping ~*~*~tactically~*~*~ (outnumbered).
   634 | D:1      | 634 ||| Stepping ~*~*~tactically~*~*~ (outnumbered).
   635 | D:1      | 635 ||| Stepping ~*~*~tactically~*~*~ (outnumbered).
   636 | D:1      | 636 ||| Stepping ~*~*~tactically~*~*~ (outnumbered).
   852 | D:1      | Found Wume's Antique Armour Emporium.
   862 | D:1      | 862 ||| SHOPLISTING cloak (112 gold, have 68).
   875 | D:1      | Reached skill level 4 in Unarmed Combat
  1059 | D:1      | Reached XP level 3. HP: 21/36 MP: 3/3
  1094 | D:1      | 1094 ||| UPGRADING to amulet of regeneration.
  1099 | D:1      | 1099 ||| READING scroll labelled LOCKATT XOMOU.
  1100 | D:1      | 1100 ||| READING scroll labelled GAIGUM JAUWYNI.
  1101 | D:1      | 1101 ||| READING scroll labelled QUF MOGGIU.
  1102 | D:1      | 1102 ||| DRINKING 2 puce potions.
  1215 | D:2      | 1215 ||| Stepping ~*~*~tactically~*~*~ (hiding).
  1216 | D:2      | 1216 ||| Stepping ~*~*~tactically~*~*~ (hiding).
  1222 | D:2      | 1222 ||| INVOKING Fiery Armour.
  1227 | D:2      | Reached skill level 5 in Unarmed Combat
  1227 | D:2      | Reached XP level 4. HP: 39/44 MP: 4/4
  1245 | D:2      | 1245 ||| Stepping ~*~*~tactically~*~*~ (stealth).
  1263 | D:2      | Found Luakukin's Weapon Shop.
  1283 | D:2      | Found Coaxuzal's Magic Scroll Boutique.
  1292 | D:2      | 1292 ||| SHOPLISTING 3 scrolls of enchant weapon (225 gold,
                  | have 93).
  1292 | D:2      | 1292 ||| BUYING scroll of identify (20 gold).
  1292 | D:2      | Bought a scroll of identify for 20 gold pieces
  1292 | D:2      | 1292 ||| BUYING scroll of identify (20 gold).
  1292 | D:2      | Bought a scroll of identify for 20 gold pieces
  1292 | D:2      | 1292 ||| BUYING scroll of teleportation (30 gold).
  1292 | D:2      | Bought a scroll of teleportation for 30 gold pieces
  1398 | D:2      | Found a bloodstained altar of Trog.
  1411 | D:2      | Found Lauskoor's Assorted Antiques.
  1414 | D:2      | Found Song's Antique Weapon Shoppe.
  1576 | D:2      | Found Fiod's Antique Weapon Shoppe.
  1590 | D:2      | 1590 ||| BUYING clear potion (28 gold).
  1590 | D:2      | Bought a clear potion for 28 gold pieces
  1590 | D:2      | 1590 ||| SHOPLISTING potion of curing (96 gold, have 44).
  1590 | D:2      | 1590 ||| SHOPLISTING scroll of identify (64 gold, have 44).
  1590 | D:2      | 1590 ||| BUYING smoky emerald potion (28 gold).
  1590 | D:2      | Bought a smoky emerald potion for 28 gold pieces
  1631 | D:2      | 1631 ||| Stepping ~*~*~tactically~*~*~ (hiding).
  1875 | D:2      | 1875 ||| UPGRADING to +1 hat.
  1880 | D:2      | 1880 ||| READING scroll labelled LOMUICU QOHANINA.
  1881 | D:2      | 1881 ||| READING scroll labelled CUFFOH ZEODEAM.
  1882 | D:2      | 1882 ||| READING scroll labelled QEVUIKHL RYEBU.
  1883 | D:2      | 1883 ||| DRINKING 2 pink potions.
  1884 | D:2      | 1884 ||| DRINKING 2 clear potions.
  1885 | D:2      | 1885 ||| DRINKING 2 murky amethyst potions.
  1886 | D:2      | 1886 ||| READING 2 scrolls of identify.
  1886 | D:2      | 1886 ||| IDENTIFYING viscous clear potion
  1887 | D:2      | 1887 ||| DROPPING potion of flight.
  1888 | D:2      | 1888 ||| DROPPING potion of brilliance.
  1889 | D:2      | 1889 ||| DROPPING potion of attraction.
  1890 | D:2      | 1890 ||| READING 2 scrolls of teleportation.
  2233 | D:3      | 2233 ||| Stepping ~*~*~tactically~*~*~ (stealth).
  2244 | D:3      | Reached XP level 5. HP: 48/50 MP: 5/5
  2244 | D:3      | 2244 ||| Stepping ~*~*~tactically~*~*~ (stealth).
  2272 | D:3      | Found a faded altar of an unknown god.
  2328 | D:3      | 2328 ||| Stepping ~*~*~tactically~*~*~ (outnumbered).
  2341 | D:3      | Reached skill level 6 in Unarmed Combat
  2627 | D:3      | 2627 ||| DRINKING 2 orange potions.
  2628 | D:3      | 2628 ||| DROPPING potion of degeneration.
  2660 | D:4      | 2660 ||| READING scroll of teleportation.
  2662 | D:4      | 2662 ||| FLEEEEING.
  2664 | D:4      | 2664 ||| FLEEEEING.
  2705 | D:4      | Found Plog's Assorted Antiques.
  2713 | D:4      | 2713 ||| BUYING scroll labelled LOGITH GELIA (18 gold).
  2713 | D:4      | Bought a scroll labelled LOGITH GELIA for 18 gold pieces
  2713 | D:4      | 2713 ||| BUYING scroll of identify (36 gold).
  2713 | D:4      | Bought a scroll of identify for 36 gold pieces
  2879 | D:4      | 2879 ||| READING scroll labelled LOGITH GELIA.
  2880 | D:4      | 2880 ||| READING 3 scrolls of identify.
  2880 | D:4      | 2880 ||| IDENTIFYING grey potion
  2881 | D:4      | 2881 ||| READING 2 scrolls of identify.
  2881 | D:4      | 2881 ||| IDENTIFYING fuming inky potion
  2882 | D:4      | 2882 ||| Stepping randomly (stuck).
  2883 | D:4      | 2883 ||| Stepping randomly (stuck).
  3012 | D:4      | 3012 ||| READING 2 scrolls of identify.
  3012 | D:4      | 3012 ||| IDENTIFYING inky potion
  3013 | D:4      | 3013 ||| Stepping randomly (stuck).
  3014 | D:4      | 3014 ||| Stepping randomly (stuck).
  3015 | D:4      | 3015 ||| Stepping randomly (stuck).
  3016 | D:4      | 3016 ||| Stepping randomly (stuck).
  3017 | D:4      | 3017 ||| Stepping randomly (stuck).
  3019 | D:4      | 3019 ||| Stepping randomly (stuck).
  3021 | D:4      | 3021 ||| Stepping randomly (stuck).
  3022 | D:4      | 3022 ||| Stepping randomly (stuck).
  3023 | D:4      | 3023 ||| Stepping randomly (stuck).
  3025 | D:4      | 3025 ||| Stepping randomly (stuck).
  3027 | D:4      | 3027 ||| Stepping randomly (stuck).
  3029 | D:4      | 3029 ||| Stepping randomly (stuck).
  3031 | D:4      | 3031 ||| Stepping randomly (stuck).
  3032 | D:4      | 3032 ||| Stepping randomly (stuck).
  3033 | D:4      | 3033 ||| Stepping randomly (stuck).
  3035 | D:4      | 3035 ||| Stepping randomly (stuck).
  3037 | D:4      | 3037 ||| Stepping randomly (stuck).
  3039 | D:4      | 3039 ||| Stepping randomly (stuck).
  3040 | D:4      | 3040 ||| Stepping randomly (stuck).
  3041 | D:4      | 3041 ||| Stepping randomly (stuck).
  3042 | D:4      | 3042 ||| Stepping randomly (stuck).
  3045 | D:4      | 3045 ||| Stepping randomly (stuck).
  3046 | D:4      | 3046 ||| Stepping randomly (stuck).
  3047 | D:4      | 3047 ||| Stepping randomly (stuck).
  3049 | D:4      | 3049 ||| Stepping randomly (stuck).
  3051 | D:4      | 3051 ||| Stepping randomly (stuck).
  3052 | D:4      | 3052 ||| Stepping randomly (stuck).
  3053 | D:4      | 3053 ||| Stepping randomly (stuck).
  3055 | D:4      | 3055 ||| Stepping randomly (stuck).
  3056 | D:4      | 3056 ||| Stepping randomly (stuck).
  3057 | D:4      | 3057 ||| Stepping randomly (stuck).
  3059 | D:4      | 3059 ||| Stepping randomly (stuck).
  3060 | D:4      | 3060 ||| Stepping randomly (stuck).
  3061 | D:4      | 3061 ||| Stepping randomly (stuck).
  3062 | D:4      | 3062 ||| Stepping randomly (stuck).
  3063 | D:4      | 3063 ||| Stepping randomly (stuck).
  3064 | D:4      | 3064 ||| Stepping randomly (stuck).
  3065 | D:4      | 3065 ||| Stepping randomly (stuck).
  3066 | D:4      | 3066 ||| Stepping randomly (stuck).
  3067 | D:4      | 3067 ||| Stepping randomly (stuck).
  3069 | D:4      | 3069 ||| Stepping randomly (stuck).
  3070 | D:4      | 3070 ||| Stepping randomly (stuck).
  3071 | D:4      | 3071 ||| Stepping randomly (stuck).
  3072 | D:4      | 3072 ||| Stepping randomly (stuck).
  3084 | D:4      | 3084 ||| Stepping ~*~*~tactically~*~*~ (hiding).
  3372 | D:4      | Found an opulent altar of Gozag.
  3700 | D:4      | 3700 ||| READING scroll labelled TISOBA TERPH.
  3745 | D:5      | Entered Level 5 of the Dungeon
  3745 | D:5      | Noticed a phantom
  3760 | D:5      | Killed a phantom
  3761 | D:5      | Reached skill level 7 in Unarmed Combat
  3761 | D:5      | Reached XP level 6. HP: 55/59 MP: 6/6
  3779 | D:5      | Noticed an ice beast
  3792 | D:5      | Killed an ice beast
  3794 | D:5      | Noticed an ice beast
  3803 | D:5      | Killed an ice beast
  3804 | D:5      | Reached skill level 8 in Unarmed Combat
  3808 | D:5      | Reached XP level 7. HP: 66/66 MP: 7/7
  3845 | D:5      | 3845 ||| Stepping ~*~*~tactically~*~*~ (stealth).
  3849 | D:5      | 3849 ||| Stepping ~*~*~tactically~*~*~ (stealth).
  3860 | D:5      | Reached skill level 3 in Fighting
  3916 | D:5      | 3916 ||| Stepping ~*~*~tactically~*~*~ (stealth).
  4181 | D:5      | Found Ujimem's General Store.
  4185 | D:5      | 4185 ||| Stepping ~*~*~tactically~*~*~ (outnumbered).
  4197 | D:5      | Reached skill level 9 in Unarmed Combat
  4206 | D:5      | 4206 ||| BUYING potion of curing (45 gold).
  4206 | D:5      | Bought a potion of curing for 45 gold pieces
  4206 | D:5      | 4206 ||| SHOPLISTING ring of protection from fire (375
                  | gold, have 146).
  4206 | D:5      | 4206 ||| BUYING scroll of teleportation (45 gold).
  4206 | D:5      | Bought a scroll of teleportation for 45 gold pieces
  4260 | D:5      | Noticed Pikel
  4261 | D:5      | 4261 ||| Stepping ~*~*~tactically~*~*~ (stealth).
  4271 | D:5      | Killed Pikel
  4272 | D:5      | Reached skill level 3 in Dodging
  4272 | D:5      | Reached XP level 8. HP: 63/75 MP: 8/8
  4326 | D:5      | Found a blossoming altar of Fedhas.
  4501 | D:5      | Found a white marble altar of Elyvilon.
  4504 | D:5      | 4504 ||| Stepping ~*~*~tactically~*~*~ (stealth).
  4678 | D:5      | 4678 ||| UPGRADING to +0 cloak.
  4716 | D:6      | 4716 ||| PLANNING SEWER
  4761 | D:6      | 4761 ||| INVOKING Fiery Armour.
  4762 | D:6      | Noticed a two-headed ogre
  4764 | D:6      | 4764 ||| Stepping ~*~*~tactically~*~*~ (outnumbered).
  4765 | D:6      | 4765 ||| Stepping ~*~*~tactically~*~*~ (outnumbered).
  4771 | D:6      | 4771 ||| Stepping ~*~*~tactically~*~*~ (outnumbered).
  4776 | D:6      | Killed a two-headed ogre
  4777 | D:6      | Reached skill level 10 in Unarmed Combat
  4777 | D:6      | Reached XP level 9. HP: 40/83 MP: 9/9
  4781 | D:6      | HP: 18/83 [orc warrior/+0 glaive (13)]
  4782 | D:6      | 4782 ||| READING 2 scrolls of teleportation.
  4783 | D:6      | 4783 ||| Stepping ~*~*~tactically~*~*~ (outnumbered).
  4785 | D:6      | Found a glowing drain.
  4846 | D:6      | 4846 ||| Stepping ~*~*~tactically~*~*~ (stealth).
  4854 | D:6      | Reached skill level 11 in Unarmed Combat
  4854 | D:6      | 4854 ||| Stepping ~*~*~tactically~*~*~ (outnumbered).
  4881 | Sewer    | Entered a sewer
  4990 | Sewer    | 4990 ||| Stepping ~*~*~tactically~*~*~ (outnumbered).
  5199 | Sewer    | Found a viscous altar of Jiyva.
  5247 | Sewer    | 5247 ||| READING scroll labelled MEAXAU ROIJUOROPT.
  5248 | Sewer    | 5248 ||| DRINKING 2 coppery potions.
  5252 | D:6      | 5252 ||| PLANNING D:1-11
  5434 | D:6      | Noticed Sigmund
  5435 | D:6      | 5435 ||| Stepping ~*~*~tactically~*~*~ (hiding).
  5444 | D:6      | Killed Sigmund
  5481 | D:6      | Found a glowing golden altar of the Shining One.
  5615 | D:6      | 5615 ||| DROPPING orb of mayhem.
  5616 | D:6      | 5616 ||| READING scroll labelled VIONIK TUUD.
  5617 | D:6      | 5617 ||| READING scroll labelled SIUZA JE OTAH.
  5618 | D:6      | 5618 ||| READING 2 scrolls of identify.
  5618 | D:6      | 5618 ||| IDENTIFYING fizzy amethyst potion
  5619 | D:6      | 5619 ||| DRINKING potion of experience.
  5619 | D:6      | Reached skill level 15 in Unarmed Combat
  5619 | D:6      | Reached XP level 10. HP: 92/92 MP: 10/10
  5664 | D:7      | Found a staircase to the Ecumenical Temple.
  5698 | D:7      | 5698 ||| Stepping ~*~*~tactically~*~*~ (outnumbered).
  5767 | D:7      | 5767 ||| Stepping ~*~*~tactically~*~*~ (stealth).
  5773 | D:7      | 5773 ||| Stepping ~*~*~tactically~*~*~ (outnumbered).
  5774 | D:7      | 5774 ||| Stepping ~*~*~tactically~*~*~ (outnumbered).
  5862 | D:7      | 5862 ||| Stepping ~*~*~tactically~*~*~ (stealth).
  6005 | D:7      | Found a runed translucent door.
  6006 | D:7      | Noticed Crazy Yiuf
  6244 | D:7      | 6244 ||| DROPPING amulet of magic regeneration.
  6245 | D:7      | 6245 ||| UPGRADING to ring of poison resistance.
  6270 | D:8      | 6270 ||| Stepping ~*~*~tactically~*~*~ (stealth).
  6271 | D:8      | Noticed a gargoyle
  6276 | D:8      | 6276 ||| Stepping ~*~*~tactically~*~*~ (outnumbered).
  6277 | D:8      | 6277 ||| Stepping ~*~*~tactically~*~*~ (outnumbered).
  6282 | D:8      | Reached skill level 1 in Throwing
  6286 | D:8      | Killed a gargoyle
  6287 | D:8      | 6287 ||| FLEEEEING.
  6288 | D:8      | 6288 ||| STAIRDANCE
  6343 | D:8      | 6343 ||| STAIRDANCE
  6448 | D:8      | 6448 ||| Stepping ~*~*~tactically~*~*~ (stealth).
  6455 | D:8      | 6455 ||| Stepping ~*~*~tactically~*~*~ (outnumbered).
  6502 | D:8      | Found a staircase to the Lair.
  6504 | D:8      | 6504 ||| Stepping ~*~*~tactically~*~*~ (stealth).
  6506 | D:8      | 6506 ||| Stepping ~*~*~tactically~*~*~ (hiding).
  6511 | D:8      | 6511 ||| Stepping ~*~*~tactically~*~*~ (outnumbered).
  6528 | D:8      | Found Xekaurr's General Store.
  6546 | D:8      | 6546 ||| BUYING scroll of brand weapon (104 gold).
  6546 | D:8      | Bought a scroll of brand weapon for 104 gold pieces
  6551 | D:8      | 6551 ||| Stepping ~*~*~tactically~*~*~ (hiding).
  6556 | D:8      | Reached skill level 3 in Throwing
  6772 | D:8      | 6772 ||| Stepping ~*~*~tactically~*~*~ (hiding).
  6778 | D:8      | 6778 ||| Stepping ~*~*~tactically~*~*~ (stealth).
  6802 | D:8      | 6802 ||| Stepping ~*~*~tactically~*~*~ (hiding).
  6804 | D:8      | 6804 ||| Stepping ~*~*~tactically~*~*~ (hiding).
  6810 | D:8      | 6810 ||| Stepping ~*~*~tactically~*~*~ (hiding).
  6811 | D:8      | 6811 ||| Stepping ~*~*~tactically~*~*~ (hiding).
  6862 | D:8      | 6862 ||| INVOKING Fiery Armour.
  6867 | D:8      | Reached XP level 11. HP: 61/102 MP: 11/11
  6951 | D:8      | Found a radiant altar of Vehumet.
  7096 | D:8      | Found Paruff's Lightly-Used Armoury.
  7104 | D:8      | 7104 ||| SHOPLISTING -3 pearl dragon scales (1105 gold,
                  | have 240).
  7108 | D:8      | Reached skill level 1 in Armour
  7325 | D:8      | Found Gaxodan's Jewellery Shoppe.
  7385 | D:8      | 7385 ||| Stepping ~*~*~tactically~*~*~ (stealth).
  7424 | D:8      | 7424 ||| SHOPLISTING ring of Hipodgheh {Contam +Blink rN+
                  | Will+ Dex+2} (627 gold, have 250).
  7424 | D:8      | 7424 ||| SHOPLISTING ring of ice (375 gold, have 250).
  7424 | D:8      | 7424 ||| SHOPLISTING ring of poison resistance (300 gold,
                  | have 250).
  7424 | D:8      | 7424 ||| SHOPLISTING ring of protection from fire (375
                  | gold, have 250).
  7424 | D:8      | 7424 ||| SHOPLISTING ring of willpower (375 gold, have
                  | 250).
  7435 | D:8      | 7435 ||| UPGRADING to amulet of reflection.
  7445 | D:8      | 7445 ||| DROPPING amulet of regeneration.
  7446 | D:8      | 7446 ||| UPGRADING to ring of resist corrosion.
  7447 | D:8      | 7447 ||| READING 2 scrolls of identify.
  7447 | D:8      | 7447 ||| IDENTIFYING smoky emerald potion
  7448 | D:8      | 7448 ||| DROPPING potion of lignification.
  7510 | D:9      | 7510 ||| Stepping ~*~*~tactically~*~*~ (hiding).
  7545 | D:9      | 7545 ||| Stepping ~*~*~tactically~*~*~ (hiding).
  7626 | D:9      | 7626 ||| Stepping ~*~*~tactically~*~*~ (outnumbered).
  7627 | D:9      | 7627 ||| Stepping ~*~*~tactically~*~*~ (outnumbered).
  7628 | D:9      | 7628 ||| Stepping ~*~*~tactically~*~*~ (outnumbered).
  7629 | D:9      | 7629 ||| Stepping ~*~*~tactically~*~*~ (outnumbered).
  7630 | D:9      | 7630 ||| Stepping ~*~*~tactically~*~*~ (outnumbered).
  7631 | D:9      | 7631 ||| Stepping ~*~*~tactically~*~*~ (outnumbered).
  7632 | D:9      | 7632 ||| Stepping ~*~*~tactically~*~*~ (outnumbered).
  7633 | D:9      | 7633 ||| Stepping ~*~*~tactically~*~*~ (outnumbered).
  7634 | D:9      | 7634 ||| Stepping ~*~*~tactically~*~*~ (outnumbered).
  7635 | D:9      | 7635 ||| Stepping ~*~*~tactically~*~*~ (outnumbered).
  7636 | D:9      | 7636 ||| Stepping ~*~*~tactically~*~*~ (outnumbered).
  7637 | D:9      | 7637 ||| Stepping ~*~*~tactically~*~*~ (outnumbered).
  7638 | D:9      | 7638 ||| Stepping ~*~*~tactically~*~*~ (outnumbered).
  7639 | D:9      | 7639 ||| Stepping ~*~*~tactically~*~*~ (outnumbered).
  7640 | D:9      | 7640 ||| Stepping ~*~*~tactically~*~*~ (outnumbered).
  7641 | D:9      | 7641 ||| Stepping ~*~*~tactically~*~*~ (outnumbered).
  7643 | D:9      | 7643 ||| Stepping ~*~*~tactically~*~*~ (outnumbered).
  7644 | D:9      | 7644 ||| Stepping ~*~*~tactically~*~*~ (outnumbered).
  7645 | D:9      | 7645 ||| Stepping ~*~*~tactically~*~*~ (outnumbered).
  7646 | D:9      | 7646 ||| Stepping ~*~*~tactically~*~*~ (outnumbered).
  7649 | D:9      | 7649 ||| Stepping ~*~*~tactically~*~*~ (outnumbered).
  7650 | D:9      | 7650 ||| Stepping ~*~*~tactically~*~*~ (outnumbered).
  7651 | D:9      | 7651 ||| Stepping ~*~*~tactically~*~*~ (outnumbered).
  7652 | D:9      | 7652 ||| Stepping ~*~*~tactically~*~*~ (outnumbered).
  7654 | D:9      | 7654 ||| Stepping ~*~*~tactically~*~*~ (outnumbered).
  7655 | D:9      | 7655 ||| Stepping ~*~*~tactically~*~*~ (outnumbered).
  7656 | D:9      | 7656 ||| Stepping ~*~*~tactically~*~*~ (outnumbered).
  7657 | D:9      | 7657 ||| Stepping ~*~*~tactically~*~*~ (outnumbered).
  7661 | D:9      | 7661 ||| INVOKING Fiery Armour.
  7663 | D:9      | Reached skill level 6 in Fighting
  7769 | D:9      | 7769 ||| Stepping ~*~*~tactically~*~*~ (outnumbered).
  7807 | D:9      | 7807 ||| FLEEEEING.
  7808 | D:9      | 7808 ||| FLEEEEING.
  7809 | D:9      | 7809 ||| FLEEEEING.
  7811 | D:9      | 7811 ||| Stepping ~*~*~tactically~*~*~ (hiding).
  7943 | D:9      | 7943 ||| Stepping ~*~*~tactically~*~*~ (hiding).
  8042 | D:9      | 8042 ||| Stepping ~*~*~tactically~*~*~ (stealth).
  8054 | D:9      | 8054 ||| Stepping ~*~*~tactically~*~*~ (outnumbered).
  8055 | D:9      | 8055 ||| Stepping ~*~*~tactically~*~*~ (outnumbered).
  8056 | D:9      | 8056 ||| Stepping ~*~*~tactically~*~*~ (outnumbered).
  8057 | D:9      | 8057 ||| Stepping ~*~*~tactically~*~*~ (outnumbered).
  8058 | D:9      | 8058 ||| Stepping ~*~*~tactically~*~*~ (outnumbered).
  8059 | D:9      | 8059 ||| Stepping ~*~*~tactically~*~*~ (outnumbered).
  8060 | D:9      | 8060 ||| Stepping ~*~*~tactically~*~*~ (outnumbered).
  8061 | D:9      | 8061 ||| Stepping ~*~*~tactically~*~*~ (outnumbered).
  8062 | D:9      | 8062 ||| Stepping ~*~*~tactically~*~*~ (outnumbered).
  8063 | D:9      | 8063 ||| Stepping ~*~*~tactically~*~*~ (outnumbered).
  8117 | D:9      | Found a stormy altar of Qazlal.
  8130 | D:9      | 8130 ||| Stepping ~*~*~tactically~*~*~ (stealth).
  8134 | D:9      | 8134 ||| Stepping ~*~*~tactically~*~*~ (stealth).
  8169 | D:9      | 8169 ||| Stepping ~*~*~tactically~*~*~ (stealth).
  8171 | D:9      | 8171 ||| Stepping ~*~*~tactically~*~*~ (stealth).
  8279 | D:9      | 8279 ||| Stepping ~*~*~tactically~*~*~ (stealth).
  8346 | D:9      | 8346 ||| Stepping ~*~*~tactically~*~*~ (stealth).
  8468 | D:9      | 8468 ||| READING scroll labelled UPIZUEBLAME.
  8469 | D:9      | 8469 ||| READING 2 scrolls of identify.
  8469 | D:9      | 8469 ||| IDENTIFYING dark potion
  8492 | D:8      | 8492 ||| READING 2 scrolls of teleportation.
  8571 | D:8      | Found a basalt altar of Yredelemnul.
  8571 | D:8      | Found a burning altar of Makhleb.
  8574 | D:8      | Found a snail-covered altar of Cheibriados.
  8579 | D:8      | 8579 ||| PLANNING LAIR
  8648 | Lair:1   | Entered Level 1 of the Lair of Beasts
  8726 | Lair:1   | Reached skill level 16 in Unarmed Combat
  8790 | Lair:1   | 8790 ||| INVOKING Fiery Armour.
  8793 | Lair:1   | HP: 24/105 [electric eel/bolt of electricity (8)]
  8794 | Lair:1   | 8794 ||| READING scroll of teleportation.
  8794 | Lair:1   | HP: 8/105 [electric eel/bolt of electricity (17)]
  8795 | Lair:1   | 8795 ||| DRINKING potion of heal wounds.
  8799 | Lair:1   | Killed from afar by an electric eel

Levels and vault maps discovered:
D:1:      grunt_arrival_crossed_arrows, layout_basic, serial_shops, shop
D:2:      layout_basic, basic_altar, serial_shops,
          nicolae_shop_overgrown_old_shop, nicolae_shop_window_shopping, shop,
          nicolae_shop_advertising_works [nicolae_subvault_shop_adworks],
          nicolae_shop_bloodbath_and_beyond, hangedman_decor_diamond_cutter
D:3:      cheibrodos_greedy_goblins, layout_basic, basic_ecumenical_altar
D:4:      layout_loops_ring, overflow_temple_1_default, serial_shops,
          nicolae_square_shop, serial_co_window_serial, co_window_paths_a,
          co_window_paths_b, co_window_paths_b, co_window_corner_a,
          co_window_corner_a, co_window_of_opportunity_b, co_window_corner_cb,
          co_window_broadway_c, co_window_cross_3, co_window_broadway_b,
          co_window_2corner, co_window_broadway_b, glass_columns_a,
          glass_columns_b, glass_columns_b, glass_columns_c, glass_columns_b
D:5:      layout_loops_ring, mainiacjoe_overflow_catwalk, elyvilon_altar_1,
          serial_shops, nicolae_lakefront_shop, uniq_pikel
D:6:      layout_rooms, tso_altar, gup_sewer_entry_glass, uniq_sigmund
D:7:      layout_rooms, minmay_temple_entry_hall, uniq_crazy_yiuf_cottage
D:8:      layout_basic, vehumet_crystals, nicolae_overflow_hidden_temple,
          dpeg_oklobed_lair, serial_shops, nicolae_shop_window_shopping,
          minmay_shop_damaged, minivault_14, kennysheep_windowed_goal
D:9:      layout_small_grid, nicolae_qazlal_style_of_elements
Lair:1:   layout_roguey, chequers_serial_rivers_micro_e,
          nicolae_quartered_pool_little, hangedman_lair_generics_rect,
          grunt_megastairs_2, uniq_harold

Skill      XL: |  1  2  3  4  5  6  7  8  9 10 11 |
---------------+----------------------------------+-----
Unarmed Combat | 4 5 7 8 9 10 15 16 | 16.0
Fighting       | 3 4 5 6 |  6.4
Dodging        | 3 |  3.8
Throwing       | 3 4 |  4.2
Armour         | 1 |  1.1
Spellcasting   | |  1.0
Fire Magic     | |  2.1

Action                   |  1- 3 |  4- 6 |  7- 9 | 10-12 || total
-------------------------+-------+-------+-------+-------++-------
Melee: Unarmed           |    44 |   134 |   200 |   210 ||   588
       Punch             |     1 |     2 |     5 |    12 ||    20
Throw: Javelin           |       |       |       |    22 ||    22
Invok: Fiery Armour      |     1 |       |     1 |     3 ||     5
  Use: Scroll            |     3 |    11 |     5 |     5 ||    24
       Potion            |     1 |     4 |     2 |     1 ||     8
Armor: Robe              |    15 |    38 |    48 |    44 ||   145
Dodge: Dodged            |     6 |    49 |    73 |    77 ||   205
Block: Other             |       |       |       |    19 ||    19
       Reflection        |       |       |       |     4 ||     4

Table legend:
 A = Non-vault XP
 B = Vault XP
 C = Vault XP percentage of total XP
 D = Non-vault monster count
 E = Vault monster count
 F = Vault count percentage of total count
                 A         B        C        D         E       F
            +---------+---------+-------+---------+---------+-------
      Total |    9546 |    2014 |  17.4 |     189 |      42 |  18.2
            +---------+---------+-------+---------+---------+-------
        D:1 |      45 |       0 |   0.0 |      17 |       0 |   0.0
        D:2 |     113 |       0 |   0.0 |      14 |       0 |   0.0
        D:3 |      57 |      19 |  25.0 |      13 |      10 |  43.5
        D:4 |     126 |       0 |   0.0 |      10 |       0 |   0.0
        D:5 |    1014 |     607 |  37.4 |      27 |       1 |   3.6
        D:6 |    1636 |     222 |  11.9 |      25 |       5 |  16.7
        D:7 |     677 |       0 |   0.0 |      18 |       0 |   0.0
        D:8 |    2447 |     403 |  14.1 |      27 |       3 |  10.0
        D:9 |    2555 |       0 |   0.0 |      33 |       0 |   0.0
     Lair:1 |     876 |     553 |  38.7 |       5 |       2 |  28.6
      Sewer |       0 |     210 | 100.0 |       0 |      21 | 100.0
            +---------+---------+-------+---------+---------+-------
